 Dungeon Crawl Stone Soup version 0.21.0-3-g78d12a8 (webtiles) character file.

40043 komo4ek the Summoner (level 14, -13/94 HPs)
             Began as a Human Summoner on Jan 16, 2018.
             Was a High Priest of Vehumet.
             Mangled by a hornet (14 damage)
             ... created by a shambling mangrove
             ... while paralysed by a hornet
             ... on level 1 of the Swamp.
             The game lasted 02:09:41 (26556 turns).

komo4ek the Summoner (Human Summoner)              Turns: 26556, Time: 02:09:42

Health: -13/94     AC:  7    Str:  8    XL:     14   Next: 42%
Magic:  12/29      EV:  2    Int: 27    God:    Vehumet [*****.]
Gold:   1123       SH:  0    Dex: 16    Spells: 2/36 levels left

rFire    + . .     SeeInvis .   p - +10 morningstar of Bohi {crush, rElec Int+5 Stlth-}
rCold    + . .     Gourm    .   o - +0 buckler
rNeg     . . .     Faith    .   D - +0 ring mail of Understanding {rCorr Int+3 Stlth+}
rPois    .         Spirit   .   I - +1 hat {MR+}
rElec    +         Reflect  .   Q - scarf {rC+ rF+}
rCorr    +         Harm     .   (no gloves)
MR       ++...                  m - +0 pair of boots
Stlth    +.........             K - amulet of magic regeneration
HPRegen  0.25/turn              T - ring of wizardry
MPRegen  0.46/turn              a - ring of resist corrosion

@: paralysed, very slightly contaminated, slowed
A: no striking features
a: Renounce Religion


You were on level 1 of the Swamp.
You worshipped Vehumet.
Vehumet was extremely pleased with you.
You were not hungry.

You visited 5 branches of the dungeon, and saw 23 of its levels.

You collected 1889 gold pieces.
You spent 766 gold pieces at shops.

Inventory:

Hand Weapons
 p - the +10 morningstar of Bohi (weapon) {crush, rElec Int+5 Stlth-}
   (You bought it in a shop on level 2 of the Orcish Mines)

   It inflicts extra damage upon your enemies.
   It affects your intelligence (+5).
   It insulates you from electricity.
   It makes you less stealthy.
 V - the +6 long sword "Cidaps" {elec, rF+}
   (You found it on level 11 of the Dungeon)

   Occasionally, upon striking a foe, it will discharge some electrical energy
   and cause terrible harm.
   It protects you from fire.
Armour
 m - a +0 pair of boots (worn)
 o - a +0 buckler (worn)
 x - the +4 shield of the Pink Corner {*Drain Int+4}
   (You took it off an orc on level 4 of the Dungeon)

   It affects your intelligence (+4).
   It causes draining when unequipped.
 D - the +0 ring mail of Understanding (worn) {rCorr Int+3 Stlth+}
   (You found it on level 5 of the Dungeon)

   It affects your intelligence (+3).
   It protects you from acid and corrosion.
   It makes you more stealthy.
 I - a +1 hat of magic resistance (worn)
 Q - a scarf of resistance (worn)
Jewellery
 a - a ring of resist corrosion (right hand)
 y - an uncursed ring of see invisible
 z - an uncursed ring of protection from cold
 K - an amulet of magic regeneration (around neck)
 L - an uncursed ring of teleportation
 T - a ring of wizardry (left hand)
Wands
 d - a wand of paralysis (8)
 C - a wand of iceblast (14)
 F - a wand of flame (101)
 O - a wand of clouds (5)
 P - a wand of polymorph (35)
 S - a wand of acid (2)
Scrolls
 e - 8 scrolls of remove curse
 h - 6 scrolls of teleportation
 i - 2 scrolls of blinking
 j - a scroll of enchant armour
 k - 6 scrolls of fear
 n - 7 scrolls of magic mapping
 q - 2 scrolls of fog
 v - 4 scrolls of enchant weapon
 U - 2 scrolls of silence
 W - 2 scrolls of amnesia
Potions
 g - 3 potions of mutation
 r - 2 potions of brilliance
 s - a potion of lignification
 t - 2 potions of degeneration
 u - 4 potions of curing
 A - a potion of resistance
 B - a potion of berserk rage {unknown}
 E - a potion of flight
 G - a potion of might {unknown}
 H - 6 potions of haste
 J - a potion of magic
 M - a potion of ambrosia {unknown}
 R - 3 potions of cancellation
Books
 l - a book of Misfortune

   Spells                             Type                      Level
   a - Confusing Touch                Hexes                        1
   b - Confuse                        Hexes                        3
   c - Gell's Gravitas                Translocation                3
   d - Petrify                        Transmutation/Earth          4
   e - Metabolic Englaciation         Hexes/Ice                    5
   f - Yara's Violent Unravelling     Hexes/Transmutation          5
 Z - a book of Debilitation

   Spells                             Type                      Level
   a - Corona                         Hexes                        1
   b - Slow                           Hexes                        2
   c - Inner Flame                    Hexes/Fire                   3
   d - Portal Projectile              Hexes/Translocation          3
   e - Cause Fear                     Hexes                        4
   f - Leda's Liquefaction            Hexes/Earth                  4
Miscellaneous
 w - a phial of floods
Comestibles
 c - 22 rations


   Skills:
 + Level 3.6 Fighting
 + Level 3.5 Armour
 + Level 4.5 Dodging
 - Level 2.0 Stealth
 + Level 3.6 Shields
 + Level 11.6 Spellcasting
 * Level 9.4 Conjurations
 - Level 12.6 Summonings
 - Level 3.0 Translocations
 - Level 3.7 Fire Magic
 + Level 9.1 Air Magic
 - Level 4.6 Poison Magic


You had 2 spell levels left.
You knew the following spells:

 Your Spells              Type           Power        Failure   Level  Hunger
a - Conjure Ball Lightni  Conj/Air       ######....   4%          6    #####..
b - Call Canine Familiar  Summ           ######..     1%          3    None
c - Summon Lightning Spi  Summ/Air       ######..     1%          4    None
d - Fulminant Prism       Conj/Hex       #####.....   1%          4    None
e - Conjure Flame         Conj/Fire      ######..     1%          3    None
f - Mephitic Cloud        Conj/Pois/Air  ######..     1%          3    None
g - Blink                 Tloc           N/A          1%          2    None
h - Airstrike             Air            ######....   1%          4    None
i - Lightning Bolt        Conj/Air       ######....   1%          5    ###....


Dungeon Overview and Level Annotations

Branches:
Dungeon (13/15)            Temple (1/1) D:7            Lair (6/6) D:9
  Swamp (1/4) Lair:2       Spider (0/4) Lair:2        Slime (0/5) Lair:5
    Orc (2/2) D:9             Elf (0/3) Orc:2
 Vaults: D:13-14

Altars:
Cheibriados
Dithmenos
Elyvilon
Fedhas
Gozag
Hepliaklqana
Makhleb
Nemelex Xobeh
Okawaru
Qazlal
Ru
Sif Muna
Trog
Uskayaw
Vehumet
Wu Jian
Xom
Yredelemnul
The Shining One
Beogh
Jiyva

Shops:
D:13 !   Orc:2 ![(}

Annotations:
D:3 wazuzu's ghost, amateur HOCK
D:4 2 runed doors


Message History

Aiming: Airstrike
Press: ? - help, Dir - move target cursor, f - swamp worm, p - hornet
Aim: a swamp worm (severely wounded)
The air twists around and strikes the swamp worm!
The swamp worm is almost dead.
Your warg barely misses the hornet.
The hornet is engulfed in blazing flames.
The hornet stings you.
You suddenly lose the ability to move!
The swamp worm bites you.
* * * LOW HITPOINT WARNING * * *
Your warg bites the hornet but does no damage.
The hornet is engulfed in blazing flames.
The hornet stings you!
* * * LOW HITPOINT WARNING * * *
You shrug off the repeated paralysis!
The swamp worm bites you!!
* * * LOW HITPOINT WARNING * * *
The hornet is engulfed in blazing flames.
The hornet stings you!
You die...

♣♣♣ ♣♣♣♣♣@♣♣♣♣♣
♣♣♣♣..hyw§...♣
♣....≈≈†§..♣♣♣
♣..≈..≈≈≈≈≈≈≈≈.♣
♣.≈≈≈≈.♣≈≈≈≈≈.≈.....
♣.≈≈≈≈.≈≈≈≈≈≈.≈.≈≈≈.
♣........≈≈♣≈.≈≈≈≈≈≈
♣...♣♣♣♣...≈≈..≈≈≈≈≈
♣.♣. ♣♣♣≈≈≈.♣≈≈≈♣≈


You could see a swamp worm, a hornet and a friendly warg.

Vanquished Creatures
  The ghost of happinesssam the Martial Artist, a journeyman GnTm of Okawaru (Lair:4)
  3 hydras
  A two-headed ogre (D:11)
  An orange crystal statue (D:10)
  2 deep elf magi (D:11)
  2 orc knights (Orc:2)
  An ugly thing (D:6)
  An elephant (Lair:6)
  2 spiny frogs
  A freezing wraith (D:13)
  A komodo dragon (Lair:4)
  4 polar bears (Lair:6)
  2 hornets
  Grinder (D:6)
  A blink frog (Lair:3)
  A slime creature (D:12)
  A dream sheep (Lair:6)
  5 hippogriffs
  3 spriggans (Lair:6)
  A wraith (D:11)
  A vampire mosquito (D:13)
  6 yaks
  2 wargs (Orc:2)
  A swamp worm (Lair:2)
  5 water moccasins
  A sky beast (D:9)
  3 orc warriors
  2 black bears
  A phantom (D:10)
  2 centaurs
  3 ogres
  7 wolves (Lair:6)
  4 boggarts (Lair:6)
  3 crocodiles
  2 big kobolds
  5 bullfrogs
  A scorpion (D:11)
  A killer bee (D:7)
  A wight (D:10)
  A howler monkey (D:9)
  3 crimson imps
  2 quasits (D:10)
  A bullfrog zombie (D:5)
  A bullfrog skeleton (D:7)
  4 hounds
  2 jellies (Lair:5)
  2 centaur skeletons
  3 orc priests
  9 orc wizards
  6 worker ants
  A hound skeleton (D:7)
  5 gnolls
  A howler monkey skeleton (D:5)
  6 adders
  4 shadow imps
  A white imp (D:10)
  2 adder zombies
  A dart slug (D:1)
  3 leopard geckos
  18 orcs
  2 ball pythons
  7 bats
  4 giant cockroaches
  4 goblins
  3 hobgoblins
  4 jackals
  3 quokkas
  2 frilled lizards (D:2)
  4 kobolds
  A quokka skeleton (D:4)
  2 rats (D:3)
198 creatures vanquished.

Vanquished Creatures (collateral kills)
  The ghost of asthiss the Fighter, a journeyman MiFi of Trog (Orc:2)
  2 hydras
  4 two-headed ogres
  An alligator (Swamp:1)
  A death knight (D:13)
  3 orc high priests (Orc:2)
  The ghost of p0werm0de the Fighter, a novice DsSk of Cheibriados (Lair:1)
  4 orc knights (Orc:2)
  The ghost of Ketzopolo the Cleaver, a novice HOMo of Yredelemnul (D:6)
  A shambling mangrove (Swamp:1)
  An ugly thing (D:13)
  2 deep elf magi
  4 oklob plants (Lair:6)
  4 orc sorcerers (Orc:2)
  3 elephants (Lair:6)
  2 black mambas
  5 spiny frogs
  A freezing wraith (D:13)
  3 rime drakes
  4 komodo dragons
  4 tyrant leeches (Lair:2)
  3 hornets
  3 polar bears (Lair:6)
  5 trolls
  4 slime creatures
  7 blink frogs
  2 dream sheep (Lair:6)
  6 hippogriffs
  28 yaks
  A redback (Lair:2)
  8 spriggans (Lair:6)
  2 hungry ghosts
  4 basilisks
  A wyvern (D:12)
  3 wraiths
  Eustachio (D:6)
  2 vampire mosquitoes (D:13)
  6 wargs
  A soldier ant (D:10)
  5 water moccasins
  An ice beast (D:11)
  10 porcupines
  15 orc warriors
  3 sky beasts
  A swamp drake (D:11)
  5 black bears
  3 ogres
  A necrophage (D:10)
  9 crocodiles
  21 wolves
  A centaur (D:12)
  10 bullfrogs
  A wyvern zombie (D:9)
  A wyvern skeleton (D:9)
  2 killer bees (D:7)
  8 scorpions
  12 wights
  10 howler monkeys
  A bullfrog zombie (D:11)
  A quasit (D:10)
  4 jellies
  2 hounds
  18 orc priests
  2 bullfrog skeletons
  15 orc wizards
  A gnoll shaman (D:10)
  An iron imp (D:11)
  2 centaur skeletons
  3 iguanas
  6 worker ants
  6 adders
  6 gnolls
  3 shadow imps
  2 oozes
  An adder skeleton (D:4)
  2 worms (D:3)
  A dart slug (D:1)
  A leopard gecko (D:2)
  80 orcs
  4 goblins
  7 hobgoblins
  3 jackals
  4 quokkas
  A ball python (D:2)
  2 bats
  11 kobolds
  A rat (D:3)
  A fungus (Lair:6)
  2 plants
452 creatures vanquished.

Vanquished Creatures (others)
  3 ball lightnings (Swamp:1)
  A white imp (D:11)
  An orc (D:11)
  5 fulminant prisms (Orc:2)
  3 fungi (D:9)
  5 plants
18 creatures vanquished.

Grand Total: 668 creatures vanquished

Notes
Turn   | Place    | Note
-------+----------+-------------------------------------------
     0 | D:1      | komo4ek the Human Summoner began the quest for the Orb.
     0 | D:1      | Reached XP level 1. HP: 13/13 MP: 3/3
    85 | D:1      | Reached XP level 2. HP: 9/19 MP: 1/5
   964 | D:2      | Reached XP level 3. HP: 21/24 MP: 4/6
  1416 | D:2      | Learned a level 3 spell: Call Canine Familiar
  2249 | D:3      | Noticed an ogre
  2267 | D:3      | Killed an ogre
  2267 | D:3      | Reached skill level 5 in Summonings
  2267 | D:3      | Reached XP level 4. HP: 30/30 MP: 4/8
  2387 | D:3      | Reached XP level 5. HP: 35/35 MP: 7/9
  2401 | D:3      | Noticed wazuzu's ghost (amateur HOCK)
  2600 | D:3      | Found a sacrificial altar of Ru.
  3363 | D:4      | Reached skill level 6 in Summonings
  3424 | D:4      | Reached XP level 6. HP: 41/41 MP: 11/11
  3494 | D:4      | Noticed a sky beast
  3603 | D:4      | Killed a sky beast
  3904 | D:4      | Found a large runed door.
  3904 | D:4      | Found a large runed door.
  3930 | D:4      | Found a large runed door.
  3930 | D:4      | Found a large runed door.
  4474 | D:4      | Reached XP level 7. HP: 46/46 MP: 6/13
  4586 | D:4      | Reached skill level 7 in Summonings
  4683 | D:4      | Got a slimy shield
  4852 | D:4      | Found the +7 Singing Sword
  4889 | D:4      | Identified the +4 shield of the Pink Corner {*Drain Int+4} (You took it off an orc on level 4 of the Dungeon)
  4989 | D:5      | Entered Level 5 of the Dungeon
  5550 | D:5      | Got a jewelled ring mail
  5808 | D:5      | Reached XP level 8. HP: 52/52 MP: 11/15
  5836 | D:5      | Reached skill level 8 in Summonings
  6361 | D:6      | Identified the cursed +0 ring mail of Understanding {rCorr Int+3 Stlth+} (You found it on level 5 of the Dungeon)
  6446 | D:6      | Noticed a purple ugly thing
  6692 | D:6      | Reached skill level 5 in Spellcasting
  6750 | D:6      | Killed a purple ugly thing
  7085 | D:6      | Noticed Ketzopolo's ghost (novice HOMo)
  7121 | D:6      | Killed Ketzopolo's ghost
  7121 | D:6      | Reached skill level 9 in Summonings
  7121 | D:6      | Reached XP level 9. HP: 57/57 MP: 12/17
  7361 | D:6      | Noticed Eustachio
  7368 | D:6      | Killed Eustachio
  7519 | D:6      | Noticed Grinder
  7525 | D:6      | Killed Grinder
  7525 | D:6      | Reached skill level 10 in Summonings
  7902 | D:7      | Found a hazy altar of Hepliaklqana.
  8009 | D:7      | Learned a level 4 spell: Summon Lightning Spire
  8065 | D:7      | Noticed a hippogriff
  8075 | D:7      | Killed a hippogriff
  8204 | D:7      | Found a staircase to the Ecumenical Temple.
  8208 | Temple   | Entered the Ecumenical Temple
  8247 | Temple   | Became a worshipper of Vehumet
  8693 | D:7      | Reached skill level 1 in Air Magic
  9336 | D:7      | Reached * piety under Vehumet
  9336 | D:7      | Offered knowledge of Sting by Vehumet.
  9398 | D:8      | You fall through a shaft for 2 floors!
  9398 | D:10     | Entered Level 10 of the Dungeon
  9502 | D:10     | Reached XP level 10. HP: 63/63 MP: 19/21
 10276 | D:10     | Noticed an orange crystal statue
 10368 | D:10     | Offered knowledge of Searing Ray by Vehumet.
 10368 | D:10     | Reached skill level 11 in Summonings
 11045 | D:10     | Killed an orange crystal statue
 11436 | D:11     | Reached ** piety under Vehumet
 11597 | D:11     | Found a glowing golden altar of the Shining One.
 11625 | D:11     | Noticed a two-headed ogre
 11656 | D:11     | Noticed a two-headed ogre
 11656 | D:11     | Killed a two-headed ogre
 11661 | D:11     | Killed a two-headed ogre
 11661 | D:11     | Reached skill level 5 in Air Magic
 11667 | D:11     | Noticed a two-headed ogre
 11685 | D:11     | Killed a two-headed ogre
 11685 | D:11     | Reached XP level 11. HP: 68/68 MP: 20/24
 11736 | D:11     | Learned a level 2 spell: Searing Ray
 11765 | D:11     | Got an iridescent long sword
 12018 | D:11     | Identified the +6 long sword "Cidaps" {elec, rF+} (You found it on level 11 of the Dungeon)
 12033 | D:11     | Noticed a deep elf mage
 12039 | D:11     | Killed a deep elf mage
 12039 | D:11     | Reached skill level 1 in Fighting
 12039 | D:11     | Reached skill level 1 in Armour
 12039 | D:11     | Reached skill level 1 in Shields
 12039 | D:11     | Reached skill level 1 in Conjurations
 12063 | D:11     | Noticed a deep elf mage
 12068 | D:11     | Killed a deep elf mage
 12738 | D:12     | Noticed a two-headed ogre
 12758 | D:12     | Killed a two-headed ogre
 12793 | D:12     | Learned a level 3 spell: Conjure Flame
 12797 | D:12     | Learned a level 3 spell: Mephitic Cloud
 12800 | D:12     | Learned a level 2 spell: Blink
 12809 | D:12     | Noticed a deep elf mage
 12819 | D:12     | Killed a deep elf mage
 12910 | D:12     | Offered knowledge of Dazzling Spray by Vehumet.
 13502 | D:12     | Reached *** piety under Vehumet
 13868 | D:13     | Reached skill level 1 in Translocations
 13931 | D:13     | Reached skill level 1 in Fire Magic
 13994 | D:13     | Offered knowledge of Airstrike by Vehumet.
 14012 | D:13     | Learned a level 4 spell: Airstrike
 14137 | D:13     | Found Reaklyde's Distillery.
 14146 | D:13     | Bought a potion of curing for 51 gold pieces
 14169 | D:13     | Reached skill level 10 in Spellcasting
 14324 | D:13     | Noticed a deep elf mage
 14328 | D:13     | Killed a deep elf mage
 14429 | D:13     | Noticed a brown ugly thing
 14455 | D:13     | Killed a brown ugly thing
 14455 | D:13     | Reached XP level 12. HP: 80/80 MP: 23/26
 14783 | D:13     | Noticed a death knight
 14812 | D:13     | Killed a death knight
 15290 | D:13     | Noticed a two-headed ogre
 15303 | D:13     | Killed a two-headed ogre
 15963 | D:9      | Reached **** piety under Vehumet
 16055 | D:9      | Found a staircase to the Lair.
 16129 | D:9      | Offered knowledge of Lightning Bolt by Vehumet.
 16426 | D:9      | Found a staircase to the Orcish Mines.
 16863 | Lair:1   | Entered Level 1 of the Lair of Beasts
 16894 | Lair:1   | Learned a level 5 spell: Lightning Bolt
 17389 | Lair:1   | Noticed p0werm0de's ghost (novice DsSk)
 17411 | Lair:1   | Reached ***** piety under Vehumet
 17425 | Lair:1   | Killed p0werm0de's ghost
 17499 | Lair:1   | Offered knowledge of Conjure Ball Lightning by Vehumet.
 17762 | Lair:1   | Found a bloodstained altar of Trog.
 18090 | Lair:2   | Reached skill level 5 in Conjurations
 18168 | Lair:2   | Found a hole to the Spider Nest.
 18237 | Lair:2   | Found a staircase to the Swamp.
 18294 | Lair:2   | Learned a level 6 spell: Conjure Ball Lightning
 18379 | Lair:2   | Noticed a five-headed hydra
 18393 | Lair:2   | Killed a five-headed hydra
 18499 | Lair:2   | Reached skill level 1 in Poison Magic
 19207 | Lair:3   | Reached XP level 13. HP: 85/85 MP: 19/27
 19718 | Lair:4   | Noticed happinesssam's ghost (journeyman GnTm)
 19882 | Lair:4   | Noticed an eight-headed hydra
 19919 | Lair:4   | Killed an eight-headed hydra
 19925 | Lair:4   | Killed happinesssam's ghost
 19925 | Lair:4   | Reached skill level 12 in Summonings
 20661 | Lair:5   | Noticed a four-headed hydra
 20687 | Lair:5   | Killed a four-headed hydra
 20950 | Lair:5   | Found a runed door.
 20951 | Lair:5   | Found a viscous altar of Jiyva.
 20953 | Lair:5   | Found a staircase to the Slime Pits.
 21393 | Lair:6   | Entered Level 6 of the Lair of Beasts
 21602 | Lair:6   | Noticed a six-headed hydra
 21611 | Lair:6   | Killed a six-headed hydra
 22045 | Lair:6   | Noticed a four-headed hydra
 22064 | Lair:6   | Killed a four-headed hydra
 23344 | Lair:6   | Reached XP level 14. HP: 59/91 MP: 24/29
 24147 | Orc:1    | Entered Level 1 of the Orcish Mines
 24589 | Orc:2    | Entered Level 2 of the Orcish Mines
 24605 | Orc:2    | Noticed asthiss's ghost (journeyman MiFi)
 24748 | Orc:2    | Killed asthiss's ghost
 25275 | Orc:2    | Offered knowledge of Fulminant Prism by Vehumet.
 25290 | Orc:2    | Learned a level 4 spell: Fulminant Prism
 25321 | Orc:2    | Found a staircase to the Elven Halls.
 25337 | Orc:2    | Found a roughly hewn altar of Beogh.
 25602 | Orc:2    | Found Hyujeug's Gadget Shoppe.
 25602 | Orc:2    | Found Kuwee's Antique Armour Boutique.
 25606 | Orc:2    | Found Ginloyth's Distillery.
 26025 | Orc:2    | Found Ybucw's Antique Weapon Shoppe.
 26094 | Orc:2    | Bought a potion of curing for 30 gold pieces
 26094 | Orc:2    | Bought a potion of heal wounds for 50 gold pieces
 26094 | Orc:2    | Bought a potion of brilliance for 40 gold pieces
 26096 | Orc:2    | Bought a fine falchion for 216 gold pieces
 26096 | Orc:2    | Bought a shimmering morningstar for 243 gold pieces
 26106 | Orc:2    | Bought a distressingly furry robe for 136 gold pieces
 26108 | Orc:2    | Identified the +8 falchion of the Whale {slice, rElec SInv} (You bought it in a shop on level 2 of the Orcish Mines)
 26109 | Orc:2    | Identified the +10 morningstar of Bohi {crush, rElec Int+5 Stlth-} (You bought it in a shop on level 2 of the Orcish Mines)
 26123 | Orc:2    | Identified the cursed +1 robe of the Slightly Bent {rCorr} (You bought it in a shop on level 2 of the Orcish Mines)
 26443 | Swamp:1  | Entered Level 1 of the Swamp
 26555 | Swamp:1  | Paralysed by a hornet for 3 turns
 26556 | Swamp:1  | HP: 1/94 [swamp worm (19)]
 26556 | Swamp:1  | Mangled by a hornet

Skill      XL: |  1  2  3  4  5  6  7  8  9 10 11 12 13 14 |
---------------+-------------------------------------------+-----
Summonings     | 5 6 7 9 10 11 12 | 12.6
Spellcasting   | 3 4 5 7 9 10 11 | 11.6
Air Magic      | 2 5 6 7 8 9 |  9.1
Fighting       | 2 3 |  3.6
Armour         | 2 3 |  3.5
Shields        | 2 3 |  3.6
Conjurations   | 2 6 8 9 |  9.4
Dodging        | 3 4 |  4.5
Translocations | 1 3 |  3.0
Fire Magic     | 1 3 |  3.7
Poison Magic   | 1 4 |  4.6
Stealth        | |  2.0

Action                   |  1- 3 |  4- 6 |  7- 9 | 10-12 | 13-15 || total
-------------------------+-------+-------+-------+-------+-------++-------
Melee: Club              |    97 |     9 |       |       |       ||   106
       Spear             |       |   119 |    17 |       |       ||   136
       Double sword      |       |       |   125 |    75 |       ||   200
       Long sword        |       |       |       |    54 |    34 ||    88
 Cast: Summon Small Mamm |    20 |       |       |       |       ||    20
       Call Canine Famil |     7 |    23 |    56 |    87 |    25 ||   198
       Summon Lightning  |       |       |       |    93 |    91 ||   184
       Searing Ray       |       |       |       |    62 |       ||    62
       Conjure Flame     |       |       |       |    12 |    31 ||    43
       Airstrike         |       |       |       |    18 |    85 ||   103
       Mephitic Cloud    |       |       |       |     7 |    11 ||    18
       Lightning Bolt    |       |       |       |     3 |     9 ||    12
       Blink             |       |       |       |       |    13 ||    13
       Fulminant Prism   |       |       |       |       |     5 ||     5
       Conjure Ball Ligh |       |       |       |       |     3 ||     3
Evoke: Wand              |       |       |     7 |    12 |     3 ||    22
       Phial of floods   |       |       |     1 |       |       ||     1
  Use: Scroll            |       |     1 |     9 |    13 |    18 ||    41
       Potion            |       |       |       |     2 |     5 ||     7
 Stab: Sleeping          |     3 |     4 |     2 |     5 |       ||    14
       Distracted        |     1 |     1 |     4 |       |       ||     6
       Invisible         |       |       |       |       |     1 ||     1
  Eat: Chunk             |     5 |     5 |     6 |     1 |       ||    17
       Ration            |       |     2 |     4 |    11 |     7 ||    24
Armor: Robe              |    47 |    32 |    11 |       |       ||    90
       Ring mail         |       |       |    30 |   121 |    18 ||   169
Dodge: Dodged            |   103 |    59 |    80 |   123 |    71 ||   436
Block: Buckler           |       |       |    16 |    46 |    27 ||    89
       Rpst.: Double sword |       |       |    24 |    14 |       ||    38
       Long sword        |       |       |       |    15 |    17 ||    32
